 Dungeon Crawl Stone Soup version 0.22.1-2-g9c5b331 (webtiles) character file.

69 diana the Sneak (level 4, 0/21 HPs)
             Began as a Vine Stalker Enchanter on Dec 27, 2018.
             Slain by Crazy Yiuf
             ... wielding a +4 quarterstaff of chaos
              (3 damage)
             ... on level 2 of the Dungeon.
             The game lasted 00:04:17 (2173 turns).

diana the Sneak (Vine Stalker Enchanter)            Turns: 2173, Time: 00:04:18

Health: 0/21       AC:  4    Str: 10    XL:     4   Next: 20%
Magic:  0/9        EV:  2    Int: 15    God:
Gold:   153        SH:  0    Dex: 16    Spells: 2/8 levels left

rFire    . . .     SeeInvis .   o - +1 dagger (speed)
rCold    . . .     Gourm    .   (no shield)
rNeg     + + +     Faith    .   b - +0 robe
rPois    ∞         Spirit   +   q - +1 helmet
rElec    .         Reflect  .   (no cloak)
rCorr    .         Harm     .   (no gloves)
MR       .....                  (no boots)
Stlth    +++.......             (no amulet)
HPRegen  0.47/turn              (no ring)
MPRegen  0.11/turn              (no ring)

@: petrified, very slightly contaminated
A: fangs 2, regeneration 1, magic shield, antimagic bite, no potion heal 3, rot
immunity
a: no special abilities


You were on level 2 of the Dungeon.
You were hungry.

You visited 1 branch of the dungeon, and saw 2 of its levels.

You collected 153 gold pieces.

Inventory:

Hand Weapons
 o - a +1 dagger of speed (weapon)
Armour
 b - a +0 robe (worn)
 q - a +1 helmet (worn)
Scrolls
 c - a scroll of noise {unknown}
 e - a scroll of enchant weapon {unknown}
 f - a scroll of fear {unknown}
 g - a scroll of blinking {unknown}
 j - 2 scrolls of identify {unknown}
 l - 2 scrolls of remove curse {unknown}
 n - a scroll of amnesia {unknown}
Potions
 a - a potion of brilliance {unknown}
 h - 4 potions of curing {unknown}
 i - a potion of heal wounds {unknown}
 k - a potion of haste {unknown}
 m - 2 potions of resistance {unknown}
 p - a potion of magic {unknown}
 r - a potion of mutation {unknown}
Comestibles
 d - 3 rations


   Skills:
 + Level 1.3 Short Blades
 + Level 1.9 Dodging
 + Level 4.1 Stealth
 + Level 2.6 Spellcasting
 + Level 0.3 Conjurations
 * Level 3.7 Hexes
 + Level 0.5 Ice Magic


You had 2 spell levels left.
You knew the following spells:

 Your Spells              Type           Power        Failure   Level  Hunger
a - Corona                Hex            ##.....      4%          1    #......
b - Ensorcelled Hibernat  Hex/Ice        #.....       13%         2    ##.....
c - Dazzling Spray        Conj/Hex       #.....       26%         3    ###....

Your spell library contained the following spells:

 Spells                   Type           Power        Failure   Level  Hunger
 Confuse                  Hex            ##......     13%         3    ###....
 Tukima's Dance           Hex            ##......     13%         3    ###....


Dungeon Overview and Level Annotations

Branches:
Dungeon (2/15)

Altars:

Annotations:
D:2 Crazy Yiuf


Innate Abilities, Weirdness & Mutations

You have extremely sharp teeth.
Your natural rate of healing is unusually fast.
When hurt, damage is shared between your health and your magic reserves.
Your bite disrupts and absorbs the magic of your enemies.
Potions cannot restore your health.
You are immune to rotting.


Message History

Crazy Yiuf hits you with a quarterstaff of chaos.
You are slowing down.
You completely miss Crazy Yiuf. You bite Crazy Yiuf, but do no damage.
Crazy Yiuf is lightly wounded.
Crazy Yiuf says, "Candle water senile!"
Crazy Yiuf hits you with a quarterstaff of chaos!
Your limbs are stiffening.
You hit Crazy Yiuf.
Crazy Yiuf is lightly wounded.
Crazy Yiuf hits you with a quarterstaff of chaos!
* * * LOW HITPOINT WARNING * * *
You have turned to stone.
Crazy Yiuf hits you with a quarterstaff of chaos!
* * * LOW HITPOINT WARNING * * *
Crazy Yiuf burns you.
* * * LOW HITPOINT WARNING * * *
Crazy Yiuf completely misses you.
Crazy Yiuf is no longer blind.
Crazy Yiuf hits you with a quarterstaff of chaos!
You die...

#.# #.##### #.#
##.####.####### #.#
##........(....# #.#
#.....##.#####.# #.#
#..>..##.# ##.## #.#
#..<..##.# ##...## ########.#
#.....##.###.....###........#
#.###.##.............########
#.# #.#######@...###.# #.#
#.# #g...# #.# ####.###.#
♣....♣ #.# .##...##.# ♣♣...♣
#.# .#.###.#.#### ♣♣.♣♣ #.#
...# #......# ♣♣.♣ #.#
.#.###.###### ♣.♣♣ #.##
.##...## #### ♣♣.♣ #..#
####.## #..# ♣.♣♣ #..#


You could see Crazy Yiuf.

Vanquished Creatures
  An adder (D:2)
  A worm (D:2)
  2 dart slugs
  A leopard gecko (D:1)
  A giant cockroach (D:1)
  5 goblins
  5 hobgoblins
  2 jackals
  2 quokkas
  A ball python (D:2)
  6 bats
  7 frilled lizards
  8 kobolds
  12 rats
54 creatures vanquished.

Notes
Turn   | Place    | Note
-------+----------+-------------------------------------------
     0 | D:1      | diana the Vine Stalker Enchanter began the quest for the
                  | Orb.
     0 | D:1      | Reached XP level 1. HP: 9/9 MP: 4/4
    75 | D:1      | Reached skill level 1 in Short Blades
    94 | D:1      | Reached XP level 2. HP: 13/13 MP: 6/6
   433 | D:1      | Reached XP level 3. HP: 16/16 MP: 7/7
   461 | D:1      | Learned a level 2 spell: Ensorcelled Hibernation
   465 | D:1      | Learned a level 3 spell: Dazzling Spray
  1305 | D:2      | Reached skill level 4 in Stealth
  1560 | D:2      | Gained mutation: Your natural rate of healing is unusually
                  | fast. [Vine Stalker growth]
  1560 | D:2      | Reached XP level 4. HP: 21/21 MP: 8/8
  2112 | D:2      | Found a runed door.
  2154 | D:2      | Noticed Crazy Yiuf
  2170 | D:2      | HP: 1/21 [Crazy Yiuf/quarterstaff of chaos (1)]
  2173 | D:2      | Slain by Crazy Yiuf

Skill      XL: |  1  2  3 |
---------------+----------+-----
Short Blades   | 1 |  1.3
Stealth        | 4 |  4.1
Dodging        | |  1.9
Spellcasting   | |  2.6
Conjurations   | |  0.3
Hexes          | |  3.7
Ice Magic      | |  0.5

Action                   |  1- 3 |  4- 6 || total
-------------------------+-------+-------++-------
Melee: Dagger            |   112 |    34 ||   146
       Bite              |    16 |     6 ||    22
 Cast: Corona            |     5 |       ||     5
       Ensorcelled Hiber |     7 |     1 ||     8
       Dazzling Spray    |       |     1 ||     1
 Stab: Sleeping          |    15 |     2 ||    17
  Eat: Chunk             |     2 |     2 ||     4
Armor: Robe              |    23 |     9 ||    32
Dodge: Dodged            |    73 |    22 ||    95
